 Dungeon Crawl Stone Soup version 0.21.1-1-g345015fe64 (webtiles) character file.

1596 Peloso the Slasher (level 8, 0/69 (70) HPs)
             Began as a Minotaur Fighter on June 1, 2018.
             Killed by nerve-wracking pain
             ... invoked by an orc priest
              (11 damage)
             ... on level 6 of the Dungeon.
             The game lasted 00:25:39 (5628 turns).

Peloso the Slasher (Minotaur Fighter)               Turns: 5628, Time: 00:25:40

HP:   0/69 (70)     AC: 10    Str: 21    XL:     8   Next: 62%
MP:   7/7           EV: 10    Int:  5    God:
Gold: 300           SH: 11    Dex: 12    Spells: 7/7 levels left

rFire    + . .     SeeInvis .   a - +1 long sword
rCold    . . .     Gourm    .   c - +0 shield
rNeg     . . .     Faith    +   x - +3 scale mail {rF+}
rPois    .         Spirit   .   (helmet restricted)
rElec    .         Reflect  .   (no cloak)
rCorr    +         Harm     .   (no gloves)
MR       .....                  (no boots)
Stlth    ..........             z - amulet of faith
HPRegen  0.21/turn              q - ring of resist corrosion
MPRegen  0.10/turn              e - ring of wizardry

@: no status effects
A: retaliatory headbutt, horns 2
a: no special abilities


You were on level 6 of the Dungeon.
You were not hungry.

You visited 1 branch of the dungeon, and saw 6 of its levels.
You also visited: Sewer.

You collected 300 gold pieces.

Inventory:

Hand Weapons
 a - a +1 long sword (weapon)
 n - a +2 trident of venom
Missiles
 p - 90 bolts
Armour
 b - a +0 scale mail
 c - a +0 shield (worn)
 j - +0 acid dragon scales
 k - a +0 plate armour
 x - a +3 scale mail of fire resistance (worn)
Jewellery
 e - a ring of wizardry (right hand)
 q - a ring of resist corrosion (left hand)
 z - an amulet of faith (around neck)
Wands
 d - a wand of paralysis (15)
 t - a wand of random effects (32)
 A - a wand of polymorph (11)
Scrolls
 m - 5 scrolls of teleportation {unknown}
 s - a scroll of amnesia
 y - 2 scrolls of identify
 C - a scroll of remove curse
Potions
 g - 2 potions of resistance
 h - a potion of brilliance
 i - a potion of invisibility
 l - a potion of magic
 o - 3 potions of flight
 r - 2 potions of curing
 v - a potion of agility
 w - a potion of heal wounds
 B - a potion of might
 D - a potion of haste {unknown}
Books
 u - a book of Misfortune

   Spells                             Type                      Level
   a - Confusing Touch                Hexes                        1
   b - Confuse                        Hexes                        3
   c - Gell's Gravitas                Translocation                3
   d - Petrify                        Transmutation/Earth          4
   e - Metabolic Englaciation         Hexes/Ice                    5
   f - Yara's Violent Unravelling     Hexes/Transmutation          5
Comestibles
 f - 9 rations


   Skills:
 + Level 6.1 Fighting
 + Level 7.5 Long Blades
 + Level 7.2 Armour
 + Level 3.4 Dodging
 + Level 0.8 Stealth
 + Level 6.9 Shields


You had 7 spell levels left.
You didn't know any spells.

Dungeon Overview and Level Annotations

Branches:
Dungeon (6/15)
 Temple: D:4-7

Altars:
Ashenzari
Elyvilon
Fedhas
Kikubaaqudgha
Makhleb
Ru
Trog

Shops:
D:5 *

Annotations:
D:6 Prince Ribbit


Innate Abilities, Weirdness & Mutations

You reflexively headbutt those who attack you in melee.
You have a pair of horns on your head.


Message History

Items here: ))) [[ † You hit the centaur.
Your headbutt misses the centaur.
The centaur is lightly wounded.
You block the centaur's attack. The centaur misses you.
You closely miss the centaur.
The centaur is lightly wounded.
The centaur hits you.
* * * LOW HITPOINT WARNING * * *
The centaur closely misses you.
You closely miss the centaur.
The centaur is lightly wounded.
You block the centaur's attack.
You slash the centaur!
You kill the centaur!
The phantom blinks!
You hit the orc priest.
The orc priest is lightly wounded.
The orc priest mumbles some strange prayers to Beogh against you.
Pain shoots through your body!
You die...

# # # # # .#
################
..#
...............#
...#
##############.#
....# #
#.###...### #
#.(@o.W.... #
#####§..### #
.## # #


You could see a phantom and an orc priest.

Vanquished Creatures
  Sigmund (D:5)
  A necrophage (D:5)
  2 orc warriors
  A sky beast (D:5)
  A centaur (D:6)
  3 ogres (D:4)
  A bullfrog skeleton (D:5)
  2 hounds
  A jelly (D:5)
  2 orc priests
  3 orc wizards
  Ijyb (D:3)
  A centaur skeleton (D:5)
  3 worker ants
  An iguana (D:4)
  7 gnolls
  6 adders
  A river rat (D:5)
  A shadow imp (D:6)
  6 oozes
  An adder zombie (D:5)
  An adder skeleton (D:4)
  5 worms
  6 dart slugs
  10 leopard geckos
  13 orcs
  6 giant cockroaches
  2 goblins
  10 hobgoblins
  10 jackals
  A quokka (D:3)
  4 ball pythons
  A ball python skeleton (D:5)
  16 bats
  4 frilled lizards
  6 kobolds
  A leopard gecko zombie (D:5)
  12 rats
154 creatures vanquished.

Vanquished Creatures (others)
  A quokka (D:5)
1 creature vanquished.

Grand Total: 155 creatures vanquished

Notes
Turn   | Place    | Note
-------+----------+-------------------------------------------
     0 | D:1      | Peloso the Minotaur Fighter began the quest for the Orb.
     0 | D:1      | Reached XP level 1. HP: 19/19 MP: 0/0
   249 | D:1      | Reached XP level 2. HP: 27/27 MP: 1/1
   650 | D:1      | Reached XP level 3. HP: 33/33 MP: 2/2
  1635 | D:2      | Reached XP level 4. HP: 34/40 MP: 3/3
  1848 | D:3      | Noticed Ijyb
  1859 | D:3      | Paralysed by Ijyb for 2 turns
  1867 | D:3      | Killed Ijyb
  1877 | D:3      | Found a sacrificial altar of Ru.
  1910 | D:3      | Reached skill level 1 in Dodging
  1925 | D:3      | Reached XP level 5. HP: 37/47 MP: 4/4
  1986 | D:3      | Noticed an orc warrior
  2045 | D:3      | Killed an orc warrior
  2045 | D:3      | Reached skill level 5 in Armour
  2066 | D:3      | Reached XP level 6. HP: 18/55 MP: 5/5
  2658 | D:3      | Found an ancient bone altar of Kikubaaqudgha.
  3051 | D:4      | Found a shattered altar of Ashenzari.
  3051 | D:4      | Found a blossoming altar of Fedhas.
  3052 | D:4      | Found a bloodstained altar of Trog.
  3135 | D:4      | Reached skill level 5 in Fighting
  3151 | D:4      | Reached skill level 5 in Shields
  3162 | D:5      | Entered Level 5 of the Dungeon
  3164 | D:5      | Noticed a sky beast
  3175 | D:5      | Killed a sky beast
  3289 | D:5      | Reached skill level 5 in Long Blades
  3289 | D:5      | Reached XP level 7. HP: 34/61 MP: 6/6
  3306 | D:5      | Found Uzotis's Elemental Accessories.
  3340 | D:5      | Found a white marble altar of Elyvilon.
  3496 | D:5      | Found a glowing drain.
  3508 | Sewer    | Entered a sewer
  4440 | D:6      | Noticed Prince Ribbit
  4653 | D:4      | Noticed Sigmund
  4839 | D:5      | Killed Sigmund
  4839 | D:5      | Reached XP level 8. HP: 48/69 MP: 7/7
  5341 | D:4      | Found a burning altar of Makhleb.
  5628 | D:6      | Killed from afar by an orc priest

Skill      XL: |  1  2  3  4  5  6  7  8 |
---------------+-------------------------+-----
Armour         | 4 5 6 7 |  7.2
Shields        | 4 5 6 |  6.9
Fighting       | 4 5 6 |  6.1
Long Blades    | 3 4 5 6 7 |  7.5
Dodging        | 1 2 3 |  3.4
Stealth        | |  0.8

Action                   |  1- 3 |  4- 6 |  7- 9 || total
-------------------------+-------+-------+-------++-------
Melee: Long sword        |   108 |   143 |   190 ||   441
       Headbutt          |    15 |    35 |    39 ||    89
  Use: Potion            |     1 |     6 |     2 ||     9
       Scroll            |       |     8 |     4 ||    12
 Stab: Invisible         |       |     2 |       ||     2
  Eat: Chunk             |     2 |     6 |     5 ||    13
       Ration            |       |       |     1 ||     1
Armor: Scale mail        |    16 |    74 |    75 ||   165
       Acid dragon scale |    27 |     5 |       ||    32
Dodge: Dodged            |    31 |    49 |    72 ||   152
Block: Shield            |    53 |    76 |   113 ||   242
       Rpst.: Long sword |    14 |    12 |    20 ||    46
